 Dungeon Crawl Stone Soup version 0.20.0-15-g7f486f2 (webtiles) character file.

84 botchamania the Cudgeler (level 4, 0/35 HPs)
             Began as a Mummy Fighter on June 27, 2017.
             Was an Initiate of Okawaru.
             Slain by a gnoll
             ... wielding a +0 flail
              (5 damage)
             ... on level 3 of the Dungeon.
             The game lasted 00:03:55 (2787 turns).

botchamania the Cudgeler (Mummy Fighter)            Turns: 2787, Time: 00:03:56

Health: 0/35       AC:  6    Str: 19    XL:     4   Next: 24%
Magic:  4/4        EV:  7    Int:  7    God:    Okawaru [......]
Gold:   74         SH:  8    Dex: 12    Spells: 3/3 levels left

rFire    x . .     SeeInvis .   a - +0 flail
rCold    + + .     Gourm    .   c - +0 shield
rNeg     + + +     Faith    +   b - +0 scale mail
rPois    ∞         Spirit   .   (no helmet)
rElec    .         Reflect  .   (no cloak)
rCorr    .         Harm     .   (no gloves)
MR       .....                  (no boots)
Stlth    ..........             i - amulet of faith
Regen    0.2/turn               h - ring of protection from cold
MPRegen  0.1/turn               (no ring)

@: no status effects
A: no food or potions, fire vulnerability, cold resistance 1, negative energy
resistance 3, torment resistance, unbreathing
a: Renounce Religion


You were on level 3 of the Dungeon.
You worshipped Okawaru.
Okawaru was noncommittal.
You were not hungry.

You visited 1 branch of the dungeon, and saw 3 of its levels.

You collected 74 gold pieces.

Inventory:

Hand Weapons
 a - a +0 flail (weapon)
Armour
 b - a +0 scale mail (worn)
 c - a +0 shield (worn)
 d - a +0 plate armour
Jewellery
 h - a ring of protection from cold (left hand)
 i - an amulet of faith (around neck)
Scrolls
 e - a scroll of magic mapping
 f - 2 scrolls of enchant armour {unknown}
 g - a scroll of remove curse {unknown}
 j - a scroll of identify {unknown}


   Skills:
 - Level 3.0 Fighting
 + Level 3.7 Maces & Flails
 - Level 2.4 Armour
 - Level 2.4 Shields


You had 3 spell levels left.
You didn't know any spells.

Dungeon Overview and Level Annotations

Branches:
Dungeon (3/15)

Altars:
Okawaru
Sif Muna
Zin

Annotations:
D:3 botchamania's ghost, amateur OpTm


Innate Abilities, Weirdness & Mutations

You do not eat or drink.
Your flesh is vulnerable to fire.
You are immune to poison.
Your flesh is cold resistant. (rC+)
You are immune to negative energy. (rN+++)
You are immune to unholy pain and torment.
You can survive without breathing.


Message History

You hit the gnoll.
The gnoll is moderately wounded.
The gnoll hits you with a flail!
A gnoll comes into view. It is wielding a spear.
You hit the gnoll.
The gnoll is heavily wounded.
You block the gnoll's attack. x2
Unknown command.
You closely miss the gnoll.
The gnoll is heavily wounded.
The gnoll hits you from afar with a spear.
The gnoll hits you with a flail.
Unknown command.
Unknown command.
A gnoll comes into view. It is wielding a halberd.
The gnoll shouts!
The gnoll hits you from afar with a spear.
* * * LOW HITPOINT WARNING * * *
The gnoll hits you with a flail.
You die...

####### # #.....#####.##
#..........l.. ...
#........##.#.#....
#........# .#....
######........# $g....
#...##.[...@g.# #......
#.#.##.####...###.......
#.#..).# #..g..........
#.####.# #............. #.#
#.#####....g(......
####.####....#######.......
#..........#### .......
#.####........# .......
#.####......<.# .......


You could see 3 gnolls.

Vanquished Creatures
  3 adders
  A gnoll (D:3)
  2 worms (D:2)
  A dart slug (D:2)
  2 leopard geckos (D:1)
  3 ball pythons (D:2)
  2 hobgoblins (D:2)
  3 quokkas (D:2)
  7 bats
  3 frilled lizards
  3 goblins (D:1)
  5 kobolds
  5 rats
  A plant (D:2)
41 creatures vanquished.

Notes
Turn   | Place    | Note
-------+----------+-------------------------------------------
     0 | D:1      | botchamania the Mummy Fighter began the quest for the Orb.
     0 | D:1      | Reached XP level 1. HP: 18/18 MP: 1/1
   331 | D:1      | Reached XP level 2. HP: 24/24 MP: 2/2
  1168 | D:2      | Reached XP level 3. HP: 14/29 MP: 3/3
  1530 | D:2      | Found an iron altar of Okawaru.
  1545 | D:2      | Became a worshipper of Warmaster Okawaru
  1636 | D:2      | Found a glowing silver altar of Zin.
  1739 | D:2      | Found a deep blue altar of Sif Muna.
  2454 | D:3      | Noticed botchamania's ghost (amateur OpTm)
  2515 | D:3      | Reached XP level 4. HP: 34/35 MP: 4/4
  2787 | D:3      | Slain by a gnoll

Skill      XL: |  1  2  3 |
---------------+----------+-----
Maces & Flails | 2 3 |  3.7
Fighting       | |  3.0
Armour         | |  2.4
Shields        | |  2.4

Action                   |  1- 3 |  4- 6 || total
-------------------------+-------+-------++-------
Melee: Flail             |   176 |    15 ||   191
  Use: Scroll            |     4 |     1 ||     5
Armor: Scale mail        |   100 |     1 ||   101
Dodge: Dodged            |    67 |     4 ||    71
Block: Shield            |    84 |     9 ||    93
